 Dungeon Crawl Stone Soup version 0.29.1 (webtiles) character file.

Game seed: 13112332766695122100

30 inmateoo the Covered (level 3, -6/23 HPs)
             Began as a Gargoyle Fighter on Sept 12, 2022.
             Killed from afar by Natasha (7 damage)
             ... with a magic dart
             ... on level 2 of the Dungeon.
             The game lasted 00:00:55 (1284 turns).

inmateoo the Covered (Gargoyle Fighter)             Turns: 1284, Time: 00:00:56

Health: -6/23      AC: 12    Str: 21    XL:     3   Next: 20%
Magic:  3/3        EV:  7    Int:  8    God:
Gold:   64         SH:  4    Dex:  9    Spells: 2/2 levels left

rFire   . . .      SeeInvis .   a - +0 war axe
rCold   . . .      Faith    .   c - +0 buckler
rNeg    + . .      Spirit   .   h - +0 chain mail
rPois   ∞          Reflect  .   (no helmet)
rElec   +          Harm     .   (no cloak)
rCorr   .          Rampage  .   (no gloves)
Will    .....                   (no boots)
Stlth   ..........              (no amulet)
HPRegen 0.07/turn               (no ring)
MPRegen 0.08/turn               (no ring)

@: slowed, very slow
A: sickness immunity, AC +3, negative energy resistance 1, electricity
resistance, torment resistance 1, petrification resistance
a: no special abilities


You were on level 2 of the Dungeon.
You visited 1 branch of the dungeon, and saw 2 of its levels.

You collected 64 gold pieces.

Inventory:

Hand Weapons
 a - a +0 war axe (weapon)
Armour
 c - a +0 buckler (worn)
 h - a +0 chain mail (worn)
Scrolls
 b - a scroll of fear {unknown}
 g - a scroll of enchant weapon {unknown}
 l - a scroll of amnesia {unknown}
Potions
 d - a potion of might
 e - a potion of experience {unknown}
 f - a potion of haste {unknown}
 i - a potion of heal wounds {unknown}
 j - 2 potions of attraction {unknown}
 k - a potion of curing {unknown}


   Skills:
 + Level 3.5 Fighting
 * Level 2.2 Axes
 + Level 3.6 Armour
 + Level 0.6 Dodging
 + Level 3.5 Shields


You had 2 spell levels left.
You didn't know any spells.
Your spell library contained the following spells:

 Spells                   Type           Power      Damage    Failure   Level
 Poisonous Vapours        Pois/Air       0%         N/A       100%        2
 Corpse Rot               Necr/Pois/Air  0%         N/A       100%        4


Dungeon Overview and Level Annotations

Branches:
Dungeon (2/15)

Altars:

Annotations:
D:2 Natasha


Innate Abilities, Weirdness & Mutations

You are immune to sickness and miasma.
Your stone body is resilient. (AC +3)
You are immune to poison.
You resist negative energy. (rN+)
You are resistant to electric shocks. (rElec)
You are resistant to unholy torment.
You are immune to petrification.


Message History

You closely miss the shadow imp.
The shadow imp is heavily wounded.
You barely miss the crimson imp. You hit Natasha.
The crimson imp disappears in a puff of smoke!
The shadow imp disappears in a puff of smoke!
Natasha casts a spell.
Natasha claws you but does no damage.
Natasha extends her claws.
Natasha claws you.
You are too injured to fight recklessly!
Natasha attacks as you move away! Natasha barely misses you.
You closely miss Natasha.
Natasha is moderately wounded.
Natasha claws you but does no damage. x2; Natasha completely misses you.
You closely miss Natasha.
Natasha is moderately wounded.
Natasha claws you.
* * * LOW HITPOINT WARNING * * *
You block Natasha's attack.
You closely miss Natasha.
Natasha is lightly wounded.
Natasha completely misses you. Natasha closely misses you.
You barely miss Natasha.
Natasha is lightly wounded.
The white imp disappears in a puff of smoke!
Natasha claws you but does no damage.
Natasha stares at you and mumbles some strange words.
The magic dart hits you but does no damage.
You barely miss Natasha.
Natasha is lightly wounded.
Natasha claws you but does no damage. Natasha casts a spell at you.
You resist with significant effort.
You slash Natasha!
Natasha is almost dead.
Natasha claws you.
* * * LOW HITPOINT WARNING * * *
Natasha stares at you and mumbles some strange words.
The magic dart hits you!
You die...

.......#
#####..###
.. #....##
..
#.##..###
'# ####
#.###...##
.##... #.#
###..##
5#..# #.#
##..# ...#
#.#
##.####†.#
#.#
#..>@h5#
#.
###.##.#
#.# ...
#.. .#.#
####.#...
.# ### .#
.#


You could see Natasha and a white imp (summoned).

Vanquished Creatures
  2 ball pythons
  4 bats
  An endoplasm (D:1)
  A giant cockroach (D:1)
  5 goblins
  A hobgoblin (D:1)
  2 jackals (D:2)
  2 kobolds
  2 quokkas (D:1)
  3 frilled lizards
  6 rats
29 creatures vanquished.

Notes
Turn   | Place    | Note
-------+----------+-------------------------------------------
     0 | D:1      | inmateoo the Gargoyle Fighter began the quest for the Orb.
     0 | D:1      | Reached XP level 1. HP: 14/14 MP: 1/1
   223 | D:1      | Reached XP level 2. HP: 16/19 MP: 2/2
  1073 | D:2      | Reached XP level 3. HP: 23/23 MP: 3/3
  1261 | D:2      | Noticed Natasha
  1284 | D:2      | HP: 1/23 [Natasha (5)]
  1284 | D:2      | Killed from afar by Natasha

Illustrated notes

Levels and vault maps discovered:
D:1:      dpeg_arrival_concentric_ovals, layout_loops_corners
D:2:      layout_basic, hangedman_decor_growths, minmay_bisected, uniq_natasha

Skill      XL: |  1 |
---------------+----+-----
Axes           | 2 |  2.2
Fighting       | |  3.5
Armour         | |  3.6
Dodging        | |  0.6
Shields        | |  3.5

Action                   || total
-------------------------++-------
Melee: War axe           ||    93
Armor: Scale mail        ||    21
       Chain mail        ||    56
Dodge: Dodged            ||    42
Block: Buckler           ||    21
